 Dungeon Crawl Stone Soup version 0.17-a0-1942-g46ae386 (webtiles) character file.

66 pk666 the Magician (level 3, -2/19 HPs)
             Began as a Deep Elf Wizard on Sept 30, 2015.
             Slain by an ice beast (9 damage)
             ... on level 3 of the Dungeon.
             The game lasted 00:04:24 (1889 turns).

pk666 the Magician (Deep Elf Wizard)                Turns: 1889, Time: 00:04:25

Health: -2/19      AC:  2    Str:  4    XL:     3   Next: 96%
Magic:  3/12       EV: 12    Int: 23    God:
Gold:   112        SH:  0    Dex: 13    Spells: 5 memorised, 2 levels left

rFire  + . .     SeeInvis .     g - -2 dagger (curse)
rCold  . . .     Clarity  .     a - +0 robe
rNeg   . . .     SustAt   .     (no shield)
rPois  .         Gourm    .     b - +0 hat
rElec  .         Spirit   .     (no cloak)
rCorr  .         Warding  .     (no gloves)
rMut   .         Stasis   .     (no boots)
MR     .....                    (no amulet)
Stlth  ++........               (no ring)
                                q - ring of protection from fire

@: repel missiles, not resistant to hostile enchantments, unstealthy
A: no striking features
a: no special abilities


You were on level 3 of the Dungeon.
You were hungry.

You visited 1 branch of the dungeon, and saw 3 of its levels.

You collected 112 gold pieces.

Inventory:

Hand weapons
 g - a cursed -2 dagger (weapon)
 i - a +0 dagger
 o - a +0 dagger
 u - a +0 dagger
 w - a +0 dagger
Armour
 a - a +0 robe (worn)
 b - a +0 hat (worn)
Jewellery
 q - a ring of protection from fire (left hand)
Scrolls
 f - a scroll of identify {unknown}
 j - a scroll of teleportation {unknown}
 l - a scroll of noise {unknown}
 s - a scroll of blinking {unknown}
Potions
 e - 2 potions of might {unknown}
 h - a potion of curing {unknown}
 k - a potion of magic {unknown}
 m - a potion of agility {unknown}
 p - a potion of flight {unknown}
 r - a potion of cure mutation {unknown}
Books
 c - a book of Minor Magic

   Spells                             Type                      Level
   a - Magic Dart                     Conjuration                  1
   b - Blink                          Translocation                2
   c - Call Imp                       Summoning                    2
   d - Repel Missiles                 Charms/Air                   2
   e - Slow                           Hexes                        2
   f - Conjure Flame                  Conjuration/Fire             3
   g - Mephitic Cloud                 Conjuration/Poison/Air       3
Comestibles
 d - 3 bread rations
 n - a beef jerky
 t - a royal jelly


   Skills:
 - Level 2.4 Dodging
 - Level 2.4 Stealth
 + Level 5.6 Spellcasting
 + Level 2.5 Conjurations
   Level 1.1 Summonings
 - Level 1.1 Translocations
 + Level 0.6 Air Magic
 + Level 1.0 Poison Magic


You had 2 spell levels left.
You knew the following spells:

 Your Spells              Type           Power        Failure   Level  Hunger
d - Conjure Flame         Conj/Fire      ##......     17%         3    ##.....
q - Blink                 Tloc           N/A          10%         2    None
w - Repel Missiles        Chrm/Air       #.....       14%         2    None
x - Mephitic Cloud        Conj/Pois/Air  ##......     17%         3    ##.....
z - Magic Dart            Conj           ###.         2%          1    None


Dungeon Overview and Level Annotations

Branches:
Dungeon (3/15)

Altars:
Xom


Message History

The magic dart hits the ice beast.
The ice beast is heavily wounded.
The ice beast hits you. The ice beast freezes you!
Casting: Magic Dart
Confirm with . or Enter, or press ? or * to list all spells.
Aiming: Magic Dart
Press: ? - help, Shift-Dir - straight line, f/p - ice beast
Aim: an ice beast (heavily wounded)
The magic dart hits the ice beast.
The ice beast is heavily wounded.
The ice beast barely misses you.
Casting: Magic Dart
Confirm with . or Enter, or press ? or * to list all spells.
Aiming: Magic Dart
Press: ? - help, Shift-Dir - straight line, f/p - ice beast
Aim: an ice beast (heavily wounded)
The magic dart hits the ice beast.
The ice beast is heavily wounded.
The ice beast hits you. The ice beast freezes you!
You die...

.. ... ....
########### ....###
#.........#
..<....#####.#....##.#
.......+......>##.##.#
##....#######.#<....#
#....Y@.......#....##
#........###.##.#..#
(.........# #.##.#..#
..........# #....####
..........# ######
##....##### #...# #...
..


You could see an ice beast.

Vanquished Creatures
  2 adders (D:2)
  2 worms (D:2)
  A giant gecko (D:2)
  A ball python (D:1)
  5 goblins
  8 hobgoblins
  5 jackals
  4 bats (D:1)
  2 giant newts (D:1)
  8 kobolds
  2 rats (D:1)
40 creatures vanquished.

Notes
Turn   | Place    | Note
--------------------------------------------------------------
     0 | D:1      | pk666 the Deep Elf Wizard began the quest for the Orb.
     0 | D:1      | Reached XP level 1. HP: 10/10 MP: 7/7
   213 | D:1      | Reached XP level 2. HP: 9/15 MP: 1/9
   530 | D:1      | Reached skill level 5 in Spellcasting
   687 | D:1      | Found a shimmering altar of Xom.
   941 | D:2      | Reached XP level 3. HP: 19/19 MP: 6/11
   945 | D:2      | Learned a level 2 spell: Blink
   948 | D:2      | Learned a level 2 spell: Repel Missiles
   952 | D:2      | Learned a level 3 spell: Conjure Flame
   956 | D:2      | Learned a level 3 spell: Mephitic Cloud
  1477 | D:2      | Reached skill level 1 in Poison Magic
  1879 | D:3      | Noticed an ice beast
  1889 | D:3      | Slain by an ice beast

Vault maps used:
D:1:      co_arrival_two_rings, xom_teletrap_fun
D:2:      hangedman_abyss_or_decor_stabs
D:3:      uniq_crazy_yiuf_cottage, uniq_terence

Action                   || total
-------------------------++-------
 Cast: Magic Dart        ||   120
       Repel Missiles    ||     1
  Eat: Chunk             ||     2
